 Dungeon Crawl Stone Soup version 0.28-a0-695-gff097466f2 (webtiles) character file.

Game seed: 5965473001481221118

118 Lekart the Skirmisher (level 4, -2/40 HPs)
             Began as a Draconian Fighter on Oct 22, 2021.
             Was a Priest of Cheibriados.
             Killed from afar by an orc wizard (4 damage)
             ... with a magic dart
             ... on level 3 of the Dungeon.
             The game lasted 00:04:09 (2669 turns).

Lekart the Skirmisher (Draconian Fighter)           Turns: 2669, Time: 00:04:09

Health: -2/40      AC:  5    Str: 25    XL:     4   Next: 72%
Magic:  4/4        EV: 13    Int: 14    God:    Cheibriados [***...]
Gold:   35         SH:  0    Dex: 17    Spells: 3/3 levels left

rFire   . . .      SeeInvis .     - Unarmed
rCold   . . .      Faith    .   (no shield)
rNeg    . . .      Spirit   .   (armour unavailable)
rPois   .          Reflect  .   (helmet restricted)
rElec   .          Harm     .   (no cloak)
rCorr   .          Rampage  .   (no gloves)
Will    +....                   (no boots)
Stlth   ++........              (no amulet)
HPRegen 0.13/turn               d - ring of willpower
MPRegen 0.09/turn               (no ring)

@: very slow
A: AC +5, unfitting armour, cold-blooded
a: Renounce Religion, Bend Time, Temporal Distortion


You were on level 3 of the Dungeon.
You worshipped Cheibriados.
Cheibriados was most pleased with you.
You visited 1 branch of the dungeon, and saw 3 of its levels.

You collected 35 gold pieces.

Inventory:

Armour
 a - a +0 buckler
Jewellery
 d - a ring of willpower (left hand)
Scrolls
 e - a scroll of torment
Potions
 b - a potion of lignification {unknown}


   Skills:
 + Level 4.0 Fighting
 + Level 3.4 Dodging
 + Level 3.2 Shields
 + Level 3.2 Unarmed Combat
 * Level 1.2 Invocations


You had 3 spell levels left.
You didn't know any spells.
Your spell library was empty.

Dungeon Overview and Level Annotations

Branches:
Dungeon (3/15)

Altars:
Cheibriados
Fedhas
Kikubaaqudgha
Uskayaw


Innate Abilities, Weirdness & Mutations

Your plain brown scales are hard. (AC +5)
You cannot fit into any form of body armour.
You are cold-blooded and may be slowed by cold attacks.


Message History

An orc is nearby!
The orc shouts!
You hear a shout!
You completely miss the orc.
Your tail-slap misses the orc.
You closely miss the orc.
The orc wizard shouts!
You tail-slap the orc.
The orc is lightly wounded.
The orc hits you but does no damage. The orc hits you but does no damage.
You punch the orc!
You kill the orc!
Cheibriados thoroughly appreciates the change of pace.
You see here a +0 dagger.
The orc priest shouts!
You hear a shout!
The orc wizard hits you with a +0 dagger.
You fail to use your ability.
The orc wizard gestures at you while chanting.
The magic dart hits you. The orc barely misses you.
The orc barely misses you. x2
The orc wizard closely misses you.
The orc wizard points at you and mumbles some strange words.
The puff of flame hits you! The orc wizard casts a spell at you.
You are confused.
You bump into the rock wall.
The orc priest invokes the aid of Beogh against you.
Beogh smites you!
You closely miss the orc wizard.
The orc wizard hits you with a +0 dagger.
* * * LOW HITPOINT WARNING * * *
The orc hits you from afar with a +0 trident.
* * * LOW HITPOINT WARNING * * *
You feel less confused.
The orc wizard gestures at you while chanting.
The puff of flame hits you!
* * * LOW HITPOINT WARNING * * *
The orc wizard gestures at you while chanting.
The magic dart hits you.
You die...

### ### #.########.#
#..........#
#######.########.#
#.....#.# #.# #.#.###.# #.#
#.#.# #.# #.# #.#.###.###
#@# ..#.......# #.#
################o##########
..............o.o......#
###......#####.####...#.#
..............o......#)#
#......#####.####...#o#
#......###............#
##..........#.###......#.


You could see an orc priest, an orc wizard and an orc.

Vanquished Creatures
  Terence (D:2)
  An adder (D:2)
  4 worms
  4 dart slugs
  An orc (D:3)
  4 ball pythons
  4 endoplasms (D:2)
  2 giant cockroaches
  7 goblins
  4 hobgoblins
  6 jackals
  2 kobolds (D:1)
  3 quokkas
  9 bats
  5 frilled lizards
  5 rats
62 creatures vanquished.

Notes
Turn   | Place    | Note
-------+----------+-------------------------------------------
     0 | D:1      | Lekart the Draconian Fighter began the quest for the Orb.
     0 | D:1      | Reached XP level 1. HP: 19/19 MP: 1/1
   277 | D:1      | Reached XP level 2. HP: 26/26 MP: 2/2
   351 | D:1      | Found a faded altar of an unknown god.
   368 | D:1      | Prayed at the altar of an unknown god.
   368 | D:1      | Became a worshipper of Cheibriados the Contemplative
   368 | D:1      | Reached * piety under Cheibriados
  1266 | D:2      | Reached XP level 3. HP: 26/33 MP: 3/3
  1266 | D:2      | Reached ** piety under Cheibriados
  1583 | D:2      | Reached skill level 1 in Invocations
  1720 | D:2      | Reached XP level 4. HP: 39/40 MP: 4/4
  1755 | D:2      | Noticed Terence
  1777 | D:2      | Killed Terence
  1780 | D:2      | Reached skill level 4 in Fighting
  2347 | D:3      | Reached *** piety under Cheibriados
  2394 | D:3      | Found an ancient bone altar of Kikubaaqudgha.
  2395 | D:3      | Found a hide-covered altar of Uskayaw.
  2395 | D:3      | Found a blossoming altar of Fedhas.
  2668 | D:3      | HP: 2/40 [orc wizard/puff of flame (8)]
  2669 | D:3      | Killed from afar by an orc wizard

Illustrated notes

Levels and vault maps discovered:
D:1:      minmay_arrival_shattered_statue, layout_loops_corners,
          shapermc_ecumenical_altar_notcrosses, minmay_misc_feat_four_crosses,
          chequers_serial_rivers_small_3, st_stairs_14, minivault_4
D:2:      layout_basic, uniq_terence
D:3:      cheibrodos_greedy_goblins, layout_basic,
          nicolae_ru_sacrificial_ziggurat,
          chequers_temple_overflow_statue_of_worship

Skill      XL: |  1  2  3  4 |
---------------+-------------+-----
Dodging        | 3 |  3.4
Invocations    | 1 |  1.2
Unarmed Combat | 3 |  3.2
Fighting       | 4 |  4.0
Shields        | |  3.2

Action                   |  1- 3 |  4- 6 || total
-------------------------+-------+-------++-------
Melee: Unarmed           |   160 |    55 ||   215
       Tailslap          |    22 |    11 ||    33
       Punch             |     1 |       ||     1
Invok: Bend Time         |       |     1 ||     1
  Use: Scroll            |       |     3 ||     3
       Potion            |       |     3 ||     3
 Stab: Sleeping          |     4 |       ||     4
Armor: Skin              |    77 |    27 ||   104
Dodge: Dodged            |   152 |    85 ||   237

Table legend: (Time is in decaauts)
 A = Elapsed time spent in this place.
 B = Non-inter-level travel time spent in this place.
 C = Inter-level travel time spent in this place.
 D = Time resting spent in this place.
 E = Time spent auto-exploring this place.
 F = Levels seen in this place.
 G = Mean time per level.
                   A        B        C        D        E       F      G
               +--------+--------+--------+--------+--------+-----+--------+
         Total |   3154 |   3085 |     69 |    437 |   2089 |   3 | 1051.3 |
       Dungeon |   3154 |   3085 |     69 |    437 |   2089 |   3 | 1051.3 |
               +--------+--------+--------+--------+--------+-----+--------+

Top non-repeatable levels by time:
     D:1: 1541 daAuts
     D:2: 926 daAuts
     D:3: 686 daAuts
